 Dungeon Crawl Stone Soup version 0.28.0-53-g5a82cb258f (webtiles) character file.

Game seed: 15021101179642487708

19826 roboicarus the Covert (level 13, -15/79 HPs)
             Began as a Human Ice Elementalist on May 27, 2022.
             Was a High Priest of Nemelex Xobeh.
             Demolished by an orc warlord
             ... wielding a +0 glaive of flaming
              (24 damage)
             ... on level 2 of the Orcish Mines.
             The game lasted 01:34:10 (17693 turns).

roboicarus the Covert (Human Ice Elementalist)     Turns: 17693, Time: 01:34:10

Health: -15/79     AC: 20    Str:  9    XL:     13   Next: 7%
Magic:  10/26      EV: 17    Int: 23    God:    Nemelex Xobeh [*****.]
Gold:   917        SH:  0    Dex: 14    Spells: 16/31 levels left

rFire   . . .      SeeInvis +   n - +3 falchion (venom)
rCold   + + .      Faith    .   (no shield)
rNeg    . . .      Spirit   .   k - +2 robe of the Frog {rC+ Dex+3}
rPois   .          Reflect  .   m - +2 hat
rElec   .          Harm     .   o - +0 cloak {rCorr}
rCorr   +          Rampage  .   (no gloves)
Will    .....      Rage     3%  (no boots)
Stlth   +++++.....              d - amulet "Sapsum" {Acrobat Regen+}
HPRegen 1.03/turn               g - ring of see invisible
MPRegen 0.20/turn               p - +4 ring of protection

@: ice-armoured, freezing walls
A: berserk 2, clever 1, clumsy 1, cold resistance 1
a: Renounce Religion, Draw Escape, Draw Destruction, Draw Summoning, Triple
Draw, Deal Four, Stack Five


You were on level 2 of the Orcish Mines.
You worshipped Nemelex Xobeh.
Nemelex Xobeh was extremely pleased with you.
You visited 2 branches of the dungeon, and saw 12 of its levels.

You collected 1106 gold pieces.
You spent 189 gold pieces at shops.

Inventory:

Hand Weapons
 n - a +3 falchion of venom (weapon)
Armour
 k - the +2 robe of the Frog (worn) {rC+ Dex+3}
   (You found it on level 2 of the Orcish Mines)

   Dex:       It affects your dexterity (+3).
   rC:        It protects you from cold.
 m - a +2 hat (worn)
 o - a +0 cloak of preservation (worn)
Jewellery
 b - an amulet of magic regeneration
 c - a ring of willpower
 d - the amulet "Sapsum" (around neck) {Acrobat Regen+}
   (You found it on level 10 of the Dungeon)

   [amulet of the acrobat]

   It increases your evasion while moving and waiting.
   Regen:     It increases your rate of health regeneration.
 g - a ring of see invisible (left hand)
 l - a ring of see invisible
 p - a +4 ring of protection (right hand)
Wands
 a - a wand of paralysis (2)
 q - a wand of acid (3)
 s - a wand of flame (10)
Scrolls
 e - 5 scrolls of teleportation
 i - 2 scrolls of identify
 j - 2 scrolls of vulnerability
Potions
 f - 2 potions of flight
 h - 2 potions of invisibility


   Skills:
 + Level 10.7 Dodging
 + Level 11.5 Stealth
 + Level 9.9 Spellcasting
 + Level 11.2 Ice Magic


You had 16 spell levels left.
You knew the following spells:

 Your Spells              Type           Power      Damage    Failure   Level
a - Freeze                Ice            100%       1d11      1%          1
b - Ozocubu's Armour      Ice            59%        N/A       1%          3
c - Frozen Ramparts       Ice            100%       1d12      1%          3
d - Hailstorm             Conj/Ice       37%        3d9       5%          4
e - Ensorcelled Hibernat  Hex/Ice        74%        N/A       1%          2
f - Passwall              Tmut/Erth      9%         N/A       9%          2

Your spell library contained the following spells:

 Spells                   Type           Power      Damage    Failure   Level
 Ice Form                 Ice/Tmut       37%        N/A       5%          4
 Metabolic Englaciation   Hex/Ice        18%        N/A       16%         5
 Dazzling Flash           Conj/Hex       22%        N/A       17%         3
 Gell's Gravitas          Tloc           11%        N/A       17%         3
 Swiftness                Air            11%        N/A       17%         3
 Teleport Other           Tloc           11%        N/A       17%         3
 Animate Dead             Necr           5%         N/A       50%         4
 Iskenderun's Mystic Bla  Conj/Tloc      11%        2d4       50%         4
 Simulacrum               Ice/Necr       18%        N/A       65%         6
 Alistair's Intoxication  Tmut/Pois      7%         N/A       85%         5
 Borgnjor's Vile Clutch   Necr/Erth      5%         N/A       85%         5
 Dispersal                Tloc           5%         N/A       100%        6
 Eringya's Noxious Bog    Tmut/Pois      5%         N/A       100%        6
 Starburst                Conj/Fire      5%         6d4       100%        6
 Infestation              Necr           5%         N/A       100%        8


Dungeon Overview and Level Annotations

Branches:
Dungeon (10/15)            Temple (0/1) D:7             Orc (2/2) D:10
    Elf (0/3) Orc:2
   Lair: D:8-11

Altars:
Nemelex Xobeh
Xom
Zin
Beogh

Shops:
D:6 (   D:9 [

Annotations:
Abyss:1 Harold


Innate Abilities, Weirdness & Mutations

You often lose your temper in combat.
Your mind is acute. (Int +2)
You are clumsy. (Dex -2)
Your flesh is cold resistant. (rC+)


Message History

You kill the orc!
The hail pelts the orc warrior!!
The orc warrior is severely wounded.
The hail pelts the orc warrior!
The orc warrior is heavily wounded.
The orc priest looks satisfied for a moment.
The orc warlord hits you from afar with a +0 glaive of flaming!!
The orc warlord burns you!
The wall freezes the orc warrior!
The orc warrior misses you. The orc barely misses you.
The heat melts your icy armour.
Casting: Hailstorm (dangerous; 5% risk of failure)
Confirm with . or Enter, or press ? or * to list all spells.
Casting: Hailstorm (dangerous; 5% risk of failure)
Press: ? - help, Dir - look around, f - activate A cannonade of hail descends around you!
The hail pelts the orc priest!
You kill the orc priest!
The hail pelts the orc warlord.
The orc warlord is lightly wounded.
The hail pelts the orc warrior!
You kill the orc warrior!
The hail pelts the orc warrior!
You kill the orc warrior!
The orc warlord hits you from afar with a +0 glaive of flaming!!
* * * LOW HITPOINT WARNING * * *
The orc warlord burns you!
* * * LOW HITPOINT WARNING * * *
The wall freezes the orc warrior!
You kill the orc warrior!
The orc misses you. The heat melts your icy armour.
You draw a card...
You have drawn the Tomb.
Walls emerge from the floor!
The orc warlord misses you. The orc closely misses you.
Okay, then.
Casting: Hailstorm (dangerous; 5% risk of failure)
Confirm with . or Enter, or press ? or * to list all spells.
Your icy armour thickens.
The orc warlord hits you from afar with a +0 glaive of flaming!!
You die...
Your body glows with a rainbow of weird colours and disappears.

###########'###########
###.........###
......8.8......
..............o
..##.......##..
###.........###
#.....8.8.....##
......)###......
.......#@#......
o....#.o##....o.
....##8o8##.....
.####.ooo. ###..
#....... # #.....o..
#..8._.8.. #.........


You could see an orc warlord, 2 orc warriors and an orc (strong).

Vanquished Creatures
  4 two-headed ogres
  A centaur warrior (D:10)
  The ghost of pkoi the Destroyer, a novice DgCj (D:10)
  Nergalle (Orc:1)
  An orc high priest (Orc:2)
  An orc knight (Orc:2)
  A deep elf pyromancer (D:10)
  2 orc sorcerers (Orc:2)
  A cyclops (D:8)
  A moth of wrath (D:10)
  An unseen horror (D:10)
  Psyche (D:8)
  A kobold demonologist (D:10)
  2 komodo dragons (D:10)
  3 trolls
  A hornet (D:9)
  A shadow (D:10)
  2 wyverns
  8 yaks (D:10)
  A steam dragon (D:4)
  A redback (D:10)
  A warg (Orc:1)
  4 water moccasins
  2 hornet zombies
  28 orc warriors
  An ice beast (D:8)
  A black bear (D:5)
  2 necrophages
  12 ogres
  3 centaurs
  4 kobold brigands
  A bullfrog (D:7)
  3 scorpions
  A wyvern skeleton (D:4)
  A water moccasin skeleton (D:7)
  4 killer bees (D:9)
  4 howler monkeys
  A centaur zombie (D:8)
  A lava snake (D:9)
  2 jellies
  16 orc priests
  3 hounds
  A bullfrog skeleton (D:5)
  Natasha (thrice) (D:2)
  4 iguanas
  21 orc wizards
  A hound skeleton (D:4)
  A howler monkey zombie (D:10)
  2 adders
  A howler monkey skeleton (D:7)
  5 gnolls
  2 shadow imps
  A white imp (D:6)
  An ufetubus (D:4)
  A worm (D:5)
  4 dart slugs
  97 orcs
  8 bats
  4 endoplasms
  2 giant cockroaches
  5 goblins
  4 hobgoblins
  2 jackals (D:1)
  24 kobolds
  5 quokkas
  5 ball pythons
  3 frilled lizards
  7 rats
345 creatures vanquished.

Vanquished Creatures (collateral kills)
  A centaur warrior (D:8)
  2 centaurs
  A howler monkey skeleton (D:7)
  An orc (D:7)
5 creatures vanquished.

Vanquished Creatures (others)
  An orc wizard (Orc:2)
  A kobold (D:6)
2 creatures vanquished.

Grand Total: 352 creatures vanquished

Notes
Turn   | Place    | Note
-------+----------+-------------------------------------------
     0 | D:1      | roboicarus the Human Ice Elementalist began the quest for
                  | the Orb.
     0 | D:1      | Reached XP level 1. HP: 13/13 MP: 3/3
   155 | D:1      | Reached XP level 2. HP: 17/19 MP: 0/5
   481 | D:1      | Got Novaohic's Incunabulum of Doomed Cold
   605 | D:1      | Reached XP level 3. HP: 22/24 MP: 0/6
  1231 | D:2      | Found a faded altar of an unknown god.
  1243 | D:2      | Prayed at the altar of an unknown god.
  1243 | D:2      | Became a worshipper of Nemelex Xobeh the Trickster
  1243 | D:2      | Reached * piety under Nemelex Xobeh
  1243 | D:2      | Received a gift from Nemelex Xobeh
  1435 | D:2      | Found a shimmering altar of Xom.
  1463 | D:2      | Noticed Natasha
  1474 | D:2      | Killed Natasha
  1475 | D:2      | Reached XP level 4. HP: 17/30 MP: 2/7
  1625 | D:2      | Noticed Natasha
  1638 | D:2      | Killed Natasha
  1801 | D:2      | Noticed Natasha
  1814 | D:2      | Killed Natasha
  1815 | D:2      | Reached XP level 5. HP: 16/35 MP: 5/9
  2909 | D:3      | Reached ** piety under Nemelex Xobeh
  3164 | D:4      | Noticed an ogre
  3169 | D:4      | Killed an ogre
  3170 | D:4      | Reached skill level 5 in Ice Magic
  3170 | D:4      | Reached XP level 6. HP: 41/41 MP: 7/10
  3670 | D:4      | Reached XP level 7. HP: 21/46 MP: 6/12
  3676 | D:5      | Entered Level 5 of the Dungeon
  3726 | D:5      | HP: 2/46 [iguana (8)]
  4345 | D:4      | Learned a level 3 spell: Ozocubu's Armour
  4349 | D:4      | Learned a level 3 spell: Frozen Ramparts
  4435 | D:4      | Received a gift from Nemelex Xobeh
  4553 | D:4      | Noticed a steam dragon
  4553 | D:4      | a centaur changed into a steam dragon
  4557 | D:4      | Killed a steam dragon
  5053 | D:5      | Noticed a water moccasin
  5059 | D:5      | Killed a water moccasin
  5060 | D:5      | Reached XP level 8. HP: 52/52 MP: 7/14
  5172 | D:5      | Reached skill level 5 in Stealth
  5284 | D:5      | Reached skill level 5 in Dodging
  5725 | D:5      | Received a gift from Nemelex Xobeh
  6266 | D:6      | Reached skill level 5 in Spellcasting
  6270 | D:6      | Reached XP level 9. HP: 17/57 MP: 9/16
  6711 | D:6      | Found Fiom's Weapon Boutique.
  7223 | D:6      | Reached *** piety under Nemelex Xobeh
  7774 | D:7      | Received a gift from Nemelex Xobeh
  7801 | D:7      | Found a staircase to the Ecumenical Temple.
  8035 | D:7      | Identified the +3 kite shield of Tulips {Harm Drain Dex+4}
  8442 | D:7      | Found a glowing silver altar of Zin.
  8914 | D:8      | Reached XP level 10. HP: 43/63 MP: 14/19
  9377 | D:8      | Identified a scroll of acquirement
  9377 | D:8      | Acquired a book of the Tundra
  9384 | D:8      | Learned a level 4 spell: Hailstorm
  9384 | D:8      | Noticed a two-headed ogre
  9400 | D:8      | Killed a two-headed ogre
  9716 | D:8      | Reached **** piety under Nemelex Xobeh
  9719 | D:8      | Gained mutation: You have hidden genetic defects. [potion
                  | of mutation]
  9719 | D:8      | Gained mutation: You are strong-willed. (Will+) [potion of
                  | mutation]
 10386 | D:8      | Received a gift from Nemelex Xobeh
 10442 | D:8      | Noticed Psyche
 10450 | D:8      | Killed Psyche
 10757 | D:9      | Noticed a two-headed ogre
 10767 | D:9      | Killed a two-headed ogre
 10776 | D:9      | Gained mutation: You tend to lose your temper in combat.
                  | [hidden defects]
 11141 | D:8      | Noticed a centaur warrior
 11150 | D:8      | Noticed a six-headed hydra
 11151 | D:8      | Received a gift from Nemelex Xobeh
 11151 | D:8      | Noticed a cyclops
 11165 | D:8      | Killed a centaur warrior
 11181 | D:8      | Killed a cyclops
 11182 | D:8      | Reached XP level 11. HP: 29/68 MP: 16/22
 11206 | D:7      | Gained mutation: You are occasionally teleported next to
                  | monsters. [hidden defects]
 11206 | D:7      | Lost mutation: You have hidden genetic defects. [hidden
                  | defects expressed]
 11883 | D:9      | Received a gift from Nemelex Xobeh
 12508 | D:9      | Found Eckuts's Antique Armour Shop.
 12516 | D:9      | Bought a glowing hat for 189 gold pieces
 12524 | D:9      | Learned a level 2 spell: Ensorcelled Hibernation
 12528 | D:9      | Learned a level 2 spell: Passwall
 13238 | D:10     | Entered Level 10 of the Dungeon
 13259 | D:10     | Found a transporter.
 13259 | D:10     | Noticed pkoi's ghost (novice DgCj)
 13260 | D:10     | Noticed a moth of wrath
 13280 | D:10     | Noticed a centaur warrior
 13291 | D:10     | Killed a centaur warrior
 13421 | D:10     | Found a transporter.
 13431 | D:10     | Received a gift from Nemelex Xobeh
 13431 | D:10     | Reached ***** piety under Nemelex Xobeh
 13492 | D:10     | Killed a moth of wrath
 13494 | D:10     | Killed pkoi's ghost
 13621 | D:10     | Identified the amulet "Sapsum" {Acrobat Regen+}
 13735 | D:10     | Lost mutation: You are occasionally teleported next to
                  | monsters. [potion of mutation]
 13735 | D:10     | Lost mutation: You are strong-willed. (Will+) [potion of
                  | mutation]
 13735 | D:10     | Gained mutation: Your mind is acute. (Int +2) [potion of
                  | mutation]
 13735 | D:10     | Gained mutation: You often lose your temper in combat.
                  | [potion of mutation]
 13735 | D:10     | Gained mutation: You are clumsy. (Dex -2) [potion of
                  | mutation]
 13735 | D:10     | Gained mutation: Your flesh is cold resistant. (rC+)
                  | [potion of mutation]
 13809 | D:10     | Noticed Sonja
 13825 | D:10     | Noticed Sonja
 13825 | D:10     | Sonja changed into Sonja the basilisk
 13827 | D:10     | Noticed Sonja
 13827 | D:10     | Sonja the basilisk changed into Sonja the hound
 13829 | D:10     | Noticed Sonja
 13829 | D:10     | Sonja the hound changed into Sonja the ball python
 13831 | D:10     | Killed Sonja the ball python
 14007 | D:10     | Noticed a deep elf pyromancer
 14056 | D:10     | Killed a deep elf pyromancer
 14057 | D:10     | Reached skill level 10 in Stealth
 14202 | D:10     | Reached skill level 10 in Ice Magic
 14214 | D:10     | Reached XP level 12. HP: 24/74 MP: 4/24
 14423 | D:10     | Found a staircase to the Orcish Mines.
 14788 | Orc:1    | Entered Level 1 of the Orcish Mines
 14796 | Orc:1    | Noticed Harold
 14797 | Orc:1    | Noticed a two-headed ogre
 14798 | Orc:1    | Banished Harold
 14804 | Orc:1    | Killed a two-headed ogre
 15218 | Orc:1    | Received a gift from Nemelex Xobeh
 15218 | Orc:1    | Noticed Nergalle
 15227 | Orc:1    | Killed Nergalle
 15228 | Orc:1    | Reached skill level 10 in Dodging
 15828 | Orc:2    | Entered Level 2 of the Orcish Mines
 16164 | Orc:2    | Noticed a two-headed ogre
 16176 | Orc:2    | Killed a two-headed ogre
 16536 | Orc:2    | Noticed an orc high priest
 16548 | Orc:2    | Killed an orc high priest
 16676 | Orc:2    | Identified the +2 robe of the Frog {rC+ Dex+3}
 17361 | Orc:2    | Reached XP level 13. HP: 32/79 MP: 10/26
 17613 | Orc:2    | Found a staircase to the Elven Halls.
 17684 | Orc:2    | Noticed an orc warlord
 17693 | Orc:2    | Demolished by an orc warlord

Illustrated notes

Levels and vault maps discovered:
D:1:      dpeg_arrival_court, layout_loops_ring, ebering_dispersal_statue_hall
D:2:      layout_basic, basic_altar, hellmonk_ecumenical_altar_blasted,
          uniq_natasha
D:3:      layout_basic
D:4:      layout_basic, serial_curves, eino_curves_04, eino_curves_03,
          kennysheep_decorative_pillar
D:5:      layout_gridville
D:6:      layout_basic, serial_shops, shop_fountains, uniq_menkaure
D:7:      layout_basic, mainiacjoe_overflow_catwalk, minmay_temple_entry_trees,
          grunt_ministairs_11
D:8:      cheibrodos_elevator_heist, layout_layer_cave, uniq_psyche
D:9:      layout_stronghold, serial_shops, shop, kennysheep_minor_cross,
          chequers_arboretum
D:10:     layout_loops_ring, david_orc_2, gammafunk_ghost_berserking_beasts,
          minmay_chambers_of_fives, uniq_sonja
Orc:1:    layout_caves, uniq_nergalle, uniq_harold
Orc:2:    pubby_orc_utopia

Skill      XL: |  1  2  3  4  5  6  7  8  9 10 11 12 |
---------------+-------------------------------------+-----
Dodging        | 3 4 5 6 8 9 10 | 10.7
Stealth        | 3 4 5 7 8 10 11 | 11.5
Spellcasting   | 3 4 5 6 7 8 9 |  9.9
Ice Magic      | 5 6 7 8 10 11 | 11.2

Action                   |  1- 3 |  4- 6 |  7- 9 | 10-12 | 13-15 || total
-------------------------+-------+-------+-------+-------+-------++-------
Melee: Unarmed           |     2 |     2 |       |       |       ||     4
       Falchion          |       |       |    28 |    82 |       ||   110
       Punch             |       |       |       |     1 |       ||     1
 Cast: Freeze            |    43 |    56 |   121 |   229 |    14 ||   463
       Ozocubu's Armour  |       |       |    15 |    53 |     3 ||    71
       Frozen Ramparts   |       |       |    15 |    57 |     2 ||    74
       Hailstorm         |       |       |       |    16 |     2 ||    18
Invok: Draw Destruction  |     2 |       |    14 |    33 |       ||    49
       Draw Escape       |     1 |       |       |    12 |     1 ||    14
       Draw Summoning    |       |       |     4 |     3 |       ||     7
Evoke: Wand              |       |     3 |    15 |     7 |     3 ||    28
  Use: Potion            |     2 |     4 |     2 |    11 |       ||    19
       Scroll            |     2 |     1 |     6 |     4 |       ||    13
 Stab: Sleeping          |     1 |       |     1 |       |       ||     2
Armor: Robe              |     5 |     6 |    35 |   160 |     7 ||   213
Dodge: Dodged            |    25 |    26 |   115 |   431 |    23 ||   620
